 Dungeon Crawl Stone Soup version 0.30-a0-937-ga0a21ad780 (webtiles) character file.

Game seed: 8929307187083422821

690 jimonade the Chopper (level 7, -3/61 HPs)
             Began as a Hill Orc Fighter on Mar 24, 2023.
             Was an Initiate of Beogh.
             Slain by an ogre
             ... wielding a +0 giant spiked club
              (13 damage)
             ... on level 5 of the Dungeon.
             The game lasted 00:07:36 (4234 turns).

jimonade the Chopper (Hill Orc Fighter)             Turns: 4234, Time: 00:07:36

Health: -3/61      AC: 12    Str: 19    XL:     7   Next: 63%
Magic:  9/9        EV:  7    Int: 10    God:    Beogh [......]
Gold:   273        SH:  4    Dex: 10    Spells: 6/6 levels left

rFire   . . .      SeeInvis .    a - +0 hand axe (vamp)
rCold   . . .      Faith    .    c - +0 buckler
rNeg    . . .      Spirit   .    g - +0 chain mail
rPois   .          Reflect  .    (no helmet)
rElec   .          Rampage  .    (no cloak)
rCorr   .                        q - +0 pair of gloves
Will    .....                    l - +0 pair of boots Stlth
                                 (no amulet)
HPRegen 0.30/turn                (no ring)
MPRegen 0.11/turn                (no ring)

@: no status effects
A: no striking features
a: Renounce Religion


You were on level 5 of the Dungeon.
You worshipped Beogh.
Beogh was noncommittal.
You visited 1 branch of the dungeon, and saw 6 of its levels.

You collected 273 gold pieces.

Inventory:

Hand Weapons
 a - a +0 vampiric hand axe (weapon)
 b - a +0 war axe
 e - a +1 dagger of venom
 x - a +2 long sword of protection
 B - a +0 spear
 C - a +0 trident
 I - a +1 heavy flail
Missiles
 y - 5 poisoned darts (quivered)
Armour
 c - a +0 buckler (worn)
 g - a +0 chain mail (worn)
 l - a +0 pair of boots (worn)
 p - a +0 ring mail
 q - a +0 pair of gloves (worn)
 D - a +0 scale mail
Jewellery
 J - a ring of fire
Wands
 G - a wand of charming (8)
Scrolls
 f - a scroll of immolation {unknown}
 h - 2 scrolls of vulnerability {unknown}
 j - a scroll of enchant armour {unknown}
 k - a scroll of torment {unknown}
 m - 2 scrolls of fear {unknown}
 o - 2 scrolls of silence {unknown}
 t - a scroll of fog {unknown}
 u - 2 scrolls of summoning {unknown}
 v - 2 scrolls of teleportation {unknown}
 w - a scroll of brand weapon {unknown}
 z - a scroll of enchant weapon {unknown}
 A - 2 scrolls of identify {unknown}
 F - a scroll of blinking {unknown}
 H - a scroll of acquirement {unknown}
 K - a scroll of magic mapping {unknown}
Potions
 d - a potion of might
 i - a potion of invisibility {unknown}
 n - 4 potions of curing {unknown}
 r - 2 potions of brilliance {unknown}
 s - a potion of degeneration {unknown}
 E - 2 potions of haste {unknown}


   Skills:
 + Level 5.0 Fighting
 + Level 6.6 Axes
 + Level 0.1 Throwing
 + Level 5.0 Armour
 + Level 1.5 Dodging
 + Level 0.2 Stealth
 + Level 4.3 Shields
 * Level 3.7 Invocations


You had 6 spell levels left.
You didn't know any spells.
Your spell library contained the following spells:

 Spells                   Type           Power      Damage    Failure   Level
 Freeze                   Ice            0%         1d3       99%         1
 Kiss of Death            Conj/Necr      0%         2d5       99%         1
 Magic Dart               Conj           0%         1d3       99%         1
 Slow                     Hex            0%         N/A       99%         1
 Ensorcelled Hibernation  Hex/Ice        0%         N/A       100%        2
 Searing Ray              Conj           0%         2d4       100%        2
 Static Discharge         Conj/Air       0%         2-2/arc   100%        2
 Confusing Touch          Hex            0%         N/A       100%        3
 Frozen Ramparts          Ice            0%         1d1       100%        3
 Hailstorm                Conj/Ice       0%         3d3       100%        3
 Spider Form              Tmut/Pois      0%         N/A       100%        3
 Tukima's Dance           Hex            0%         N/A       100%        3
 Vampiric Draining        Necr           0%         2d6       100%        3
 Vhi's Electric Charge    Tloc/Air       0%         N/A       100%        3
 Anguish                  Hex/Necr       0%         N/A       100%        4
 Dispel Undead            Necr           0%         3d6       100%        4
 Fulminant Prism          Conj/Hex       0%         3d5       100%        4
 Manifold Assault         Tloc           0%         N/A       100%        4
 Passage of Golubria      Tloc           0%         N/A       100%        4
 Arcjolt                  Conj/Air       0%         1d10      100%        5
 Plasma Beam              Fire/Air       0%         2x1d11    100%        5
 Yara's Violent Unravell  Hex/Tmut       0%         3d3       100%        5
 Dispersal                Tloc           0%         N/A       100%        6
 Disjunction              Tloc           0%         N/A       100%        8


Dungeon Overview and Level Annotations

Branches:
Dungeon (6/15)             Temple (0/1) D:4

Altars:
Ashenzari

Shops:
D:4 ?

Annotations:
D:5 Grinder


Message History

Beogh accepts your kill.
You start resting.
HP restored.
You climb downwards.
The centaur shoots an arrow.
The arrow barely misses you.
The arrow hits the howler monkey!
The howler monkey hits you but does no damage.
The ogre hits you with a +0 giant spiked club!
There is a stone staircase leading up, spattered with blood here.
The centaur shoots an arrow.
The arrow hits you.
The howler monkey hits you but does no damage. x2
You block the ogre's attack.
You climb upwards.
Level annotation: Grinder
There is a stone staircase leading down here.
The howler monkey hoots and howls with incredible vigour!
The ogre hits you with a +0 giant spiked club!!
You hit the howler monkey.
The howler monkey is severely wounded.
The howler monkey hits you but does no damage.
You hit the howler monkey.
You kill the howler monkey!
Beogh accepts your kill.
You hit the ogre.
The ogre is lightly wounded.
You hit the ogre.
You feel better.
The ogre is heavily wounded.
The ogre hits you with a +0 giant spiked club!
You are too injured to fight recklessly!
You are too injured to fight recklessly!
You are too injured to fight recklessly!
You hit the ogre.
The ogre is heavily wounded.
The ogre hits you with a +0 giant spiked club!!
* * * LOW HITPOINT WARNING * * *
You hit the ogre.
The ogre is severely wounded.
You hit the ogre.
You feel better.
The ogre is severely wounded.
The ogre hits you with a +0 giant spiked club!
You die...

~....####.# #........###.# #.##
~~..## #.###........###.#####...
~~..# #.......#...†.##.........
~~..# #......<....>.##.#.#.###.
....# #####.####....##.#.#[#...
~...# #.# #..####.###.###. ....#
#.# #..# #......... ....#
#.####..####......... #~..#
#...@O.......###.###. #...#
######..#......#.#.#. #...#####
#..#.##.###.#.#. ##..#...##
#..#.##.....)...
#.......#########..#.##.........
#....................##.###.###)
##.........#######........#.#...
###...##### ####...###.###.
##### ##..........


You could see an ogre.

Vanquished Creatures
  Eustachio (D:5)
  Edmund (D:5)
  A centaur (D:5)
  2 howler monkeys (D:5)
  A jelly (D:5)
  An orc priest (D:5)
  A hound (D:5)
  An iguana (D:5)
  An orc wizard (D:5)
  5 adders
  A shadow imp (D:4)
  3 worms
  3 dart slugs
  5 orcs
  10 ball pythons
  4 bats
  6 endoplasms
  3 giant cockroaches (D:1)
  13 goblins
  3 hobgoblins
  2 quokkas (D:2)
  2 frilled lizards (D:3)
  8 kobolds
  4 rats
82 creatures vanquished.

Vanquished Creatures (collateral kills)
  2 orcs (D:5)
2 creatures vanquished.

Vanquished Creatures (others)
  An ice beast (D:5)
  11 plants (D:5)
12 creatures vanquished.

Grand Total: 96 creatures vanquished

Notes
Turn   | Place    | Note
-------+----------+-------------------------------------------
     0 | D:1      | jimonade the Hill Orc Fighter began the quest for the Orb.
     0 | D:1      | Reached XP level 1. HP: 19/19 MP: 1/1
    30 | D:1      | Reached XP level 2. HP: 22/27 MP: 2/2
   355 | D:1      | Reached skill level 3 in Axes
   512 | D:1      | Reached XP level 3. HP: 33/33 MP: 3/3
  1131 | D:2      | Reached XP level 4. HP: 41/41 MP: 4/4
  1865 | D:3      | Reached skill level 4 in Axes
  1924 | D:4      | Found Isestreso's Magic Scroll Boutique.
  1948 | D:4      | Became a worshipper of Beogh the Brigand
  1983 | D:4      | Found a staircase to the Ecumenical Temple.
  2156 | D:4      | Reached skill level 1 in Invocations
  2808 | D:4      | Reached XP level 5. HP: 47/47 MP: 6/6
  2880 | D:5      | Entered Level 5 of the Dungeon
  2913 | D:5      | Found a broken altar of Ashenzari.
  3049 | D:5      | Noticed a centaur
  3069 | D:5      | Killed a centaur
  3070 | D:5      | Reached skill level 1 in Dodging
  3070 | D:5      | Reached XP level 6. HP: 33/53 MP: 7/7
  3242 | D:5      | Noticed Eustachio
  3278 | D:5      | Killed Eustachio
  3279 | D:5      | Reached skill level 5 in Axes
  3359 | D:5      | Noticed Edmund
  3377 | D:5      | Killed Edmund
  3378 | D:5      | Reached XP level 7. HP: 19/60 MP: 9/9
  3637 | D:5      | Reached skill level 6 in Axes
  3674 | D:5      | Reached skill level 5 in Fighting
  3674 | D:5      | Reached skill level 5 in Armour
  4100 | D:5      | Noticed Grinder
  4234 | D:5      | Slain by an ogre

Illustrated notes

Levels and vault maps discovered:
D:1:      giann_horns, layout_loops_ring
D:2:      layout_loops_ring, st_stairs_9
D:3:      layout_rooms
D:4:      layout_basic, minmay_temple_entry_crystal_x, serial_shops,
          nicolae_stop_n_shop_2, chequers_serial_rivers_small_a
D:5:      layout_loops_ring, evilmike_ruin_ashenzari, chequers_big_river,
          minmay_misc_feat_nine_boxes, chequers_serial_rivers_micro_c,
          corner_web_ring, uniq_edmund, uniq_grinder, uniq_eustachio
D:6:      layout_basic, mainiacjoe_overflow_six_doors_small,
          minmay_misc_feat_square, nicolae_elevator_lobby_asterisk,
          uniq_blork_the_orc, uniq_pikel

Skill      XL: |  1  2  3  4  5  6  7 |
---------------+----------------------+-----
Fighting       | 4 5 |  5.0
Axes           | 3 4 5 6 |  6.6
Invocations    | 1 2 3 |  3.7
Armour         | 4 5 |  5.0
Dodging        | 1 |  1.5
Shields        | 4 |  4.3
Throwing       | |  0.1
Stealth        | |  0.2

Action                     |  1- 3 |  4- 6 |  7- 9 || total
---------------------------+-------+-------+-------++-------
  Melee: War axe           |   111 |    50 |       ||   161
         Hand axe          |       |    99 |    87 ||   186
  Throw: Dart              |       |     4 |       ||     4
 Invoke: Convert to Beogh  |       |     1 |       ||     1
  Evoke: Wand              |       |       |     1 ||     1
 Armour: Scale mail        |    67 |    50 |    28 ||   145
         Chain mail        |       |       |    12 ||    12
  Dodge: Dodged            |    57 |    60 |    27 ||   144
  Block: Buckler           |    23 |    28 |    11 ||    62

Table legend: (Time is in decaauts)
 A = Elapsed time spent in this place.
 B = Non-inter-level travel time spent in this place.
 C = Inter-level travel time spent in this place.
 D = Time resting spent in this place.
 E = Time spent auto-exploring this place.
 F = Levels seen in this place.
 G = Mean time per level.
                   A        B        C        D        E       F      G
               +--------+--------+--------+--------+--------+-----+--------+
         Total |   4314 |   4208 |    106 |    287 |   2833 |   6 |  719.0 |
       Dungeon |   4314 |   4208 |    106 |    287 |   2833 |   6 |  719.0 |
               +--------+--------+--------+--------+--------+-----+--------+

Top non-repeatable levels by time:
     D:5: 1344 daAuts
     D:4: 983 daAuts
     D:2: 776 daAuts
     D:1: 752 daAuts
     D:3: 448 daAuts
     D:6: 8 daAuts
